SA
MT. VERNON BULLS @ FORT WORTH PANTHERS
08/28/2020
 
TOP OF THE 1ST
Mt. Vernon Bulls batting - Pitching for Fort Worth Panthers : RHP Luis Cardona
Pitching: RHP Luis Cardona
Batting: RHB Ludovico Trezza 0-0: Ball
1-0: Bunted foul
1-1: Ball
2-1: SINGLE (Flyball, 7S)
Batting: RHB Albert Delgado 0-0: Ball
1-0: SINGLE (Groundball, 4M)
Ludovico Trezza to second
Batting: LHB Yun Yen 0-0: Foul Ball, location: 2F
0-1: Called Strike
0-2: Ball
1-2: Ball
2-2: Ball
3-2: Base on Balls
Ludovico Trezza to third
Albert Delgado to second
Batting: LHB António Rivera 0-0: Swinging Strike
0-1: Ball
1-1: Ball
2-1: Called Strike
2-2: Ball
3-2: Fielders Choice at 2nd, 4-6 (Groundball, 34)
Ludovico Trezza scores
Albert Delgado to third
Batting: LHB Enrique Sánchez 0-0: Called Strike
António Rivera steals 2nd base
0-1: Ball
1-1: Ball
2-1: Foul Ball, location: 2F
2-2: Fly out, F4 (Popup, 4)
Batting: LHB Álex Ramírez 0-0: Ball
1-0: Swinging Strike
1-1: Ball
2-1: Foul Ball, location: 2F
2-2: Foul Ball, location: 2F
2-2: SINGLE (Groundball, 34D)
Albert Delgado scores
António Rivera to third
Runner from 3rd tries for Home, SAFE, no throw or cutoff
Batting: RHB Orlando Padilla 0-0: Called Strike
0-1: Fly out, F5 (Popup, 5SF)
Top of the 1st over - 3 run(s), 3 hit(s), 0 error(s), 1 left on base; Mt. Vernon 3 - Fort Worth 0
BOTTOM OF THE 1ST
Fort Worth Panthers batting - Pitching for Mt. Vernon Bulls : LHP Ernest Torres
Pitching: LHP Ernest Torres
Batting: RHB Esteban Garza 0-0: Ball
1-0: Called Strike
1-1: Ball
2-1: Called Strike
2-2: Ball
3-2: Strikes out looking
Batting: RHB Ben Windsor 0-0: Called Strike
0-1: Ball
1-1: Ball
2-1: Ball
3-1: Called Strike
3-2: Foul Ball, location: 2F
3-2: Foul Ball, location: 2F
3-2: Foul Ball, location: 2F
3-2: SINGLE (Groundball, 56D)
Batting: RHB Harrison Blackford 0-0: Called Strike
0-1: Foul Ball, location: 2F
0-2: Ball
1-2: Ball
2-2: Foul Ball, location: 2F
2-2: Ball
3-2: Base on Balls
Ben Windsor to second
Batting: RHB Augusto Flores 0-0: Swinging Strike
0-1: Ball
1-1: Ball
2-1: Swinging Strike
2-2: Ball
3-2: Base on Balls
Ben Windsor to third
Harrison Blackford to second
Batting: SHB Orlando López 0-0: Ball
1-0: Ball
2-0: Fielders Choice at 2nd, 5-4 (Groundball, 56)
Ben Windsor scores
Harrison Blackford to third
Batting: SHB Sansan Breia 0-0: Fly out, F8 (Flyball, 8LM)
Bottom of the 1st over - 1 run(s), 1 hit(s), 0 error(s), 2 left on base; Mt. Vernon 3 - Fort Worth 1
TOP OF THE 2ND
Mt. Vernon Bulls batting - Pitching for Fort Worth Panthers : RHP Luis Cardona
Batting: RHB León Cabrera 0-0: Foul Ball, location: 2F
0-1: Ball
1-1: Ball
2-1: Ball
3-1: Foul Ball, location: 2F
3-2: Strikes out swinging
Batting: RHB Joseph Gray 0-0: Ball
1-0: Foul Ball, location: 2F
1-1: Swinging Strike
1-2: Strikes out swinging
Batting: RHB Ludovico Trezza 0-0: SINGLE (Line Drive, 78M)
Batting: RHB Albert Delgado 0-0: Ball
1-0: Called Strike
1-1: Ball
Wild Pitch!
Ludovico Trezza to second
2-1: Foul Ball, location: 2F
2-2: Ground out 6-3 (Groundball, 56)
Top of the 2nd over - 0 run(s), 1 hit(s), 0 error(s), 1 left on base; Mt. Vernon 3 - Fort Worth 1
BOTTOM OF THE 2ND
Fort Worth Panthers batting - Pitching for Mt. Vernon Bulls : LHP Ernest Torres
Batting: RHB Alfonso Baca 0-0: Swinging Strike
0-1: Swinging Strike
0-2: Ball
1-2: Ball
2-2: Ground out 6-3 (Groundball, 56)
Batting: SHB Juan Blanco 0-0: Ball
1-0: Ball
2-0: Swinging Strike
2-1: Ball
3-1: Swinging Strike
3-2: Foul Ball, location: 2F
3-2: Foul Ball, location: 2F
3-2: Strikes out swinging
Batting: RHB Bill Allen 0-0: Ball
1-0: Ball
2-0: Ball
3-0: Base on Balls
Batting: RHB Esteban Garza 0-0: Ball
Bill Allen steals 2nd base
1-0: Fly out, F8 (Flyball, 8LM)
Bottom of the 2nd over - 0 run(s), 0 hit(s), 0 error(s), 1 left on base; Mt. Vernon 3 - Fort Worth 1
TOP OF THE 3RD
Mt. Vernon Bulls batting - Pitching for Fort Worth Panthers : RHP Luis Cardona
Batting: LHB Yun Yen 0-0: SINGLE (Groundball, 6MD)
Batting: LHB António Rivera 0-0: Ball
1-0: Called Strike
1-1: Ball
2-1: Fly out, F7 (Line Drive, 7M)
Batting: LHB Enrique Sánchez 0-0: Foul Ball, location: 2F
0-1: Ground out 5-3 (Groundball, 56S)
Yun Yen to second
Batting: LHB Álex Ramírez 0-0: Fly out, F8 (Flyball, 8RS)
Top of the 3rd over - 0 run(s), 1 hit(s), 0 error(s), 1 left on base; Mt. Vernon 3 - Fort Worth 1
BOTTOM OF THE 3RD
Fort Worth Panthers batting - Pitching for Mt. Vernon Bulls : LHP Ernest Torres
Batting: RHB Ben Windsor 0-0: Ball
1-0: Foul Ball, location: 2F
1-1: Ball
2-1: Ball
3-1: Base on Balls
Batting: RHB Harrison Blackford 0-0: Foul Ball, location: 2F
0-1: Ball
1-1: DOUBLE (Line Drive, 7LM)
Ben Windsor to third
Batting: RHB Augusto Flores 0-0: 3-RUN HOME RUN (Flyball, 78XD), Distance : 422 ft
Batting: SHB Orlando López 0-0: Ball
1-0: Foul Ball, location: 2F
1-1: Ball
2-1: Swinging Strike
2-2: Ball
3-2: Strikes out swinging
Batting: SHB Sansan Breia 0-0: Foul Ball, location: 2F
0-1: Fly out, F8 (Flyball, 8RS)
Batting: RHB Alfonso Baca 0-0: Called Strike
0-1: Ball
1-1: Called Strike
1-2: Foul Ball, location: 2F
1-2: Ground out 5-3 (Groundball, 56S)
Bottom of the 3rd over - 3 run(s), 2 hit(s), 0 error(s), 0 left on base; Mt. Vernon 3 - Fort Worth 4
TOP OF THE 4TH
Mt. Vernon Bulls batting - Pitching for Fort Worth Panthers : RHP Luis Cardona
Batting: RHB Orlando Padilla 0-0: Ball
1-0: Fly out, F5 (Popup, 5F)
Batting: RHB León Cabrera 0-0: Ball
1-0: Fly out, F7 (Flyball, 7LSF)
Batting: RHB Joseph Gray 0-0: Called Strike
0-1: Ball
1-1: Ground out 4-3 (Groundball, 4M)
Top of the 4th over - 0 run(s), 0 hit(s), 0 error(s), 0 left on base; Mt. Vernon 3 - Fort Worth 4
BOTTOM OF THE 4TH
Fort Worth Panthers batting - Pitching for Mt. Vernon Bulls : LHP Ernest Torres
Batting: SHB Juan Blanco 0-0: Foul Ball, location: 2F
0-1: Called Strike
0-2: Ground out 1-3 (Groundball, 15)
Batting: RHB Bill Allen 0-0: Foul Ball, location: 2F
0-1: Ball
1-1: Ball
2-1: DOUBLE (Line Drive, 7M)
Batting: RHB Esteban Garza 0-0: Swinging Strike
0-1: Foul Ball, location: 2F
0-2: Ball
1-2: Ball
2-2: Strikes out swinging
Batting: RHB Ben Windsor 0-0: Called Strike
0-1: DOUBLE (Line Drive, 7LM)
Bill Allen scores
Pitching: LHP Víctor Ibarra
Batting: RHB Harrison Blackford 0-0: Called Strike
0-1: Ball
1-1: Ball
2-1: Called Strike
2-2: Ball
3-2: Ground out 1-3 (Groundball, 25)
Bottom of the 4th over - 1 run(s), 2 hit(s), 0 error(s), 1 left on base; Mt. Vernon 3 - Fort Worth 5
TOP OF THE 5TH
Mt. Vernon Bulls batting - Pitching for Fort Worth Panthers : RHP Luis Cardona
Batting: RHB Ludovico Trezza 0-0: Called Strike
0-1: Ball
1-1: Ball
2-1: Fly out, F5 (Line Drive, 5)
Batting: RHB Albert Delgado 0-0: Ground out 5-3 (Groundball, 5)
Batting: LHB Yun Yen 0-0: Called Strike
0-1: Ball
1-1: Called Strike
1-2: Strikes out looking
Top of the 5th over - 0 run(s), 0 hit(s), 0 error(s), 0 left on base; Mt. Vernon 3 - Fort Worth 5
BOTTOM OF THE 5TH
Fort Worth Panthers batting - Pitching for Mt. Vernon Bulls : LHP Víctor Ibarra
Batting: RHB Augusto Flores 0-0: Ball
1-0: Foul Ball, location: 2F
1-1: Ball
2-1: Ball
3-1: Foul Ball, location: 2F
3-2: SINGLE (Groundball, 56D)
Batting: SHB Orlando López 0-0: Foul Ball, location: 2F
0-1: Swinging Strike
0-2: Ball
1-2: Strikes out swinging
Batting: SHB Sansan Breia 0-0: SINGLE (Groundball, 56D)
Augusto Flores to second
Batting: RHB Alfonso Baca 0-0: Ball
Balk!
Augusto Flores to third
Sansan Breia to second
1-0: Intentional Walk
Batting: SHB Juan Blanco 0-0: Ball
1-0: DOUBLE (Line Drive, 3D)
Augusto Flores scores
Sansan Breia scores
Alfonso Baca to third
Batting: RHB Bill Allen 0-0: Fly out, F5 (Line Drive, 5)
Batting: RHB Esteban Garza 0-0: Swinging Strike
0-1: Ball
1-1: Called Strike
1-2: Ball
2-2: Foul Ball, location: 2F
2-2: Foul Ball, location: 2F
2-2: Strikes out swinging
Bottom of the 5th over - 2 run(s), 3 hit(s), 0 error(s), 2 left on base; Mt. Vernon 3 - Fort Worth 7
TOP OF THE 6TH
Mt. Vernon Bulls batting - Pitching for Fort Worth Panthers : RHP Luis Cardona
Batting: LHB António Rivera 0-0: Called Strike
0-1: Ball
1-1: Foul Ball, location: 2F
1-2: Fly out, F4 (Line Drive, 4M)
Batting: LHB Enrique Sánchez 0-0: Fly out, F7 (Flyball, 78M)
Batting: LHB Álex Ramírez 0-0: Foul Ball, location: 2F
0-1: Called Strike
0-2: Reached on error, E6 (Groundball, 6)
Batting: RHB Orlando Padilla 0-0: Called Strike
0-1: Ball
1-1: SINGLE (Line Drive, 56)
Álex Ramírez to second
Batting: RHB León Cabrera 0-0: Called Strike
0-1: Foul Ball, location: 2F
0-2: Ground out 4-3 (Groundball, 4)
Top of the 6th over - 0 run(s), 1 hit(s), 1 error(s), 2 left on base; Mt. Vernon 3 - Fort Worth 7
BOTTOM OF THE 6TH
Fort Worth Panthers batting - Pitching for Mt. Vernon Bulls : LHP Víctor Ibarra
Pitching: RHP Pedro Poey
Batting: RHB Ben Windsor 0-0: Ball
1-0: Foul Ball, location: 2F
1-1: Ball
2-1: Foul Ball, location: 2F
2-2: Strikes out looking
Batting: RHB Harrison Blackford 0-0: Ball
1-0: Ball
2-0: Called Strike
2-1: Swinging Strike
2-2: Reached on error, E5 (Groundball, 5)
Batting: RHB Augusto Flores 0-0: Called Strike
0-1: Foul Ball, location: 2F
0-2: Fly out, F7 (Line Drive, 7LM)
Batting: SHB Orlando López 0-0: Ball
1-0: Ground out 4-3 (Groundball, 34)
Bottom of the 6th over - 0 run(s), 0 hit(s), 1 error(s), 1 left on base; Mt. Vernon 3 - Fort Worth 7
TOP OF THE 7TH
Mt. Vernon Bulls batting - Pitching for Fort Worth Panthers : RHP Luis Cardona
Batting: RHB Joseph Gray 0-0: Called Strike
0-1: Ball
1-1: SINGLE (Flyball, 78S)
Batting: RHB Ludovico Trezza 0-0: Ball
1-0: Fly out, F6 (Popup, 6MD)
Batting: RHB Albert Delgado 0-0: Called Strike
0-1: Ball
1-1: Fly out, F7 (Flyball, 7LMF)
Batting: LHB Yun Yen 0-0: Ball
1-0: Ball
2-0: Ground out 1-3 (Groundball, 13)
Top of the 7th over - 0 run(s), 1 hit(s), 0 error(s), 1 left on base; Mt. Vernon 3 - Fort Worth 7
BOTTOM OF THE 7TH
Fort Worth Panthers batting - Pitching for Mt. Vernon Bulls : RHP Pedro Poey
Batting: SHB Sansan Breia 0-0: Called Strike
0-1: Called Strike
0-2: SINGLE (Line Drive, 34D)
Batting: RHB Alfonso Baca 0-0: Ball
Sansan Breia is caught stealing 2nd base
1-0: DOUBLE (Flyball, 78D)
Batting: SHB Juan Blanco 0-0: Intentional Walk
Batting: RHB Bill Allen 0-0: Fly out, F7 (Flyball, 7M)
Batting: RHB Esteban Garza 0-0: Called Strike
0-1: Swinging Strike
0-2: Ball
1-2: Ball
2-2: Strikes out swinging
Bottom of the 7th over - 0 run(s), 2 hit(s), 0 error(s), 2 left on base; Mt. Vernon 3 - Fort Worth 7
TOP OF THE 8TH
Mt. Vernon Bulls batting - Pitching for Fort Worth Panthers : RHP Luis Cardona
Batting: LHB António Rivera 0-0: Ground out 3-1 (Groundball, 3L)
Batting: LHB Enrique Sánchez 0-0: Foul Ball, location: 2F
0-1: Called Strike
0-2: Ball
1-2: Foul Ball, location: 2F
1-2: Foul Ball, location: 2F
1-2: Strikes out swinging
Batting: LHB Álex Ramírez 0-0: Foul Ball, location: 2F
0-1: Swinging Strike
0-2: Strikes out looking
Top of the 8th over - 0 run(s), 0 hit(s), 0 error(s), 0 left on base; Mt. Vernon 3 - Fort Worth 7
BOTTOM OF THE 8TH
Fort Worth Panthers batting - Pitching for Mt. Vernon Bulls : RHP Pedro Poey
Batting: RHB Ben Windsor 0-0: Called Strike
0-1: Ball
1-1: Ball
2-1: Ball
3-1: Ground out 1-3 (Groundball, 25)
Batting: RHB Harrison Blackford 0-0: Ball
1-0: Fly out, F8 (Flyball, 8RS)
Batting: RHB Augusto Flores 0-0: Called Strike
0-1: Ball
1-1: SOLO HOME RUN (Flyball, 7D), Distance : 380 ft
Batting: SHB Orlando López 0-0: Ball
1-0: SINGLE (Line Drive, 56)
Batting: SHB Sansan Breia 0-0: SINGLE (Groundball, 34D)
Orlando López to second
Runner from 2nd tries for 3rd, SAFE, throw made to third
Sansan Breia to second
Batting: RHB Alfonso Baca 0-0: Ball
1-0: Foul Ball, location: 2F
1-1: Called Strike
1-2: Ground out 1-3 (Groundball, 23)
Bottom of the 8th over - 1 run(s), 3 hit(s), 0 error(s), 2 left on base; Mt. Vernon 3 - Fort Worth 8
TOP OF THE 9TH
Mt. Vernon Bulls batting - Pitching for Fort Worth Panthers : RHP Luis Cardona
Now at 1B: Vincent Klein
Batting: RHB Orlando Padilla 0-0: Fly out, F8 (Flyball, 8LM)
Batting: RHB León Cabrera 0-0: Swinging Strike
0-1: Ground out 3-1 (Groundball, 34)
Batting: RHB Joseph Gray 0-0: Ball
1-0: Ball
2-0: Ball
3-0: Called Strike
3-1: DOUBLE (Flyball, 78XD)
Pitching: LHP Henry Vandenberg
Batting: RHB Ludovico Trezza 0-0: Called Strike
0-1: Ball
1-1: Ball
2-1: Foul Ball, location: 2F
2-2: SINGLE (Line Drive, 8RS)
Joseph Gray to third
Runner from 3rd tries for Home, throw and OUT!
Top of the 9th over - 0 run(s), 2 hit(s), 0 error(s), 1 left on base; Mt. Vernon 3 - Fort Worth 8
This league is powered by Out of the Park Baseball, the baseball management simulation game for PC, Mac and Linux
Friday, October 23rd, 2015 - OOTP Baseball 16.9 Build 39